 Dungeon Crawl Stone Soup version 0.19-a0-45-g2c295ea (webtiles) character file.

289 jyri the Conjurer (level 6, -1/37 HPs)
             Began as an Octopode Conjurer on May 5, 2016.
             Was an Initiate of Makhleb.
             Slain by a wraith (6 damage)
             ... in an ossuary.
             The game lasted 00:21:48 (5571 turns).

jyri the Conjurer (Octopode Conjurer)               Turns: 5571, Time: 00:21:49

Health: -1/37      AC:  1    Str:  7    XL:     6   Next: 31%
Magic:  2/9        EV:  7    Int: 19    God:    Makhleb [......]
Gold:   145        SH:  0    Dex: 13    Spells: 2 memorised, 6 levels left

rFire  . . .     SeeInvis .     u - +1 long sword
rCold  . . .     Gourm    .     (no shield)
rNeg   . . .     Faith    .     (helmet restricted)
rPois  .         Spirit   .     x - amulet of regeneration
rElec  .         Dismiss  .     (no ring)
rCorr  .         Reflect  .     (no ring)
SustAt .         Harm     .     (no ring)
MR     .....                    (no ring)
Stlth  +++.......               (no ring)
                                (no ring)
                                (no ring)
                                (no ring)

@: slowed, very slow, not resistant to hostile enchantments, fairly stealthy
A: almost no armour, amphibious, 8 rings, constrict 8, camouflage 1, gelatinous
body 1
a: Renounce Religion


You were in an ossuary.
You worshipped Makhleb.
Makhleb was noncommittal.
You were not hungry.

You visited 1 branch of the dungeon, and saw 4 of its levels.
You also visited: Ossuary.

You collected 145 gold pieces.

Inventory:

Hand Weapons
 e - a +0 short sword
 m - a +0 dagger of draining
 u - a +1 long sword (weapon)
Missiles
 f - 85 arrows
 g - 49 stones (quivered)
 s - a throwing net
Jewellery
 c - an uncursed amulet of harm
 r - an uncursed amulet of guardian spirit
 x - an amulet of regeneration (around mantle)
Scrolls
 j - a scroll of remove curse
 k - 2 scrolls of noise {unknown}
 l - a scroll of fear
 n - a scroll of fog {unknown}
 o - 3 scrolls of recharging {unknown}
 q - 3 scrolls of enchant weapon
 z - a scroll of teleportation {unknown}
 E - a scroll of amnesia {unknown}
Potions
 b - a potion of mutation {unknown}
 d - a potion of cancellation {unknown}
 h - 4 potions of curing
 i - a potion of cure mutation {unknown}
 p - 2 potions of invisibility
 t - 2 potions of berserk rage
 B - a potion of magic {unknown}
 C - a potion of lignification {unknown}
 G - 2 potions of haste {unknown}
Books
 a - a book of Conjurations

   Spells                             Type                      Level
   a - Magic Dart                     Conjuration                  1
   b - Searing Ray                    Conjuration                  2
   c - Dazzling Spray                 Conjuration/Hexes            3
   d - Fulminant Prism                Conjuration/Hexes            4
   e - Iskenderun's Mystic Blast      Conjuration                  4
   f - Iskenderun's Battlesphere      Conjuration/Charms           5
 y - a book of the Tempests

   Spells                             Type                      Level
   a - Static Discharge               Conjuration/Air              3
   b - Lightning Bolt                 Conjuration/Air              5
   c - Fireball                       Conjuration/Fire             5
   d - Tornado                        Air                          9
   e - Shatter                        Earth                        9
 A - a book of Dreams

   Spells                             Type                      Level
   a - Ensorcelled Hibernation        Hexes/Ice                    2
   b - Silence                        Hexes/Air                    5
   c - Darkness                       Hexes                        6
   d - Shadow Creatures               Summoning                    6
Comestibles
 v - a meat ration
 w - 2 bread rations
 D - a slice of pizza


   Skills:
 - Level 0.6 Fighting
 - Level 0.4 Short Blades
 - Level 2.0 Dodging
 - Level 2.6 Stealth
 - Level 2.0 Spellcasting
 + Level 7.3 Conjurations


You had 6 spell levels left.
You knew the following spells:

 Your Spells              Type           Power        Failure   Level  Hunger
a - Magic Dart            Conj           ####         1%          1    #......
b - Searing Ray           Conj           ####..       1%          2    ###....


Dungeon Overview and Level Annotations

Branches:
Dungeon (4/15)
 Temple: D:4-7

Altars:
Ashenzari
Fedhas
Makhleb
Trog
Zin

Annotations:
D:3 Sigmund


Innate Abilities, Weirdness & Mutations

You cannot wear most types of armour.
You are amphibious.
You can wear up to eight rings at the same time.
You can use your tentacles to constrict eight enemies at once.
Your skin changes colour to match your surroundings (Stealth).
Your rubbery body absorbs attacks (AC +1).


Message History

You don't have enough magic to cast that spell.
Unknown command.
The wraith hits you.
* * * LOW HITPOINT WARNING * * *
The wraith drains your vigour!
You feel as though you will be slow longer.
The wraith hits you.
* * * LOW HITPOINT WARNING * * *
The wraith drains your vigour!
You feel as though you will be slow longer.
The wraith closely misses you.
There is an open gate here.
The wraith closely misses you.
There is a gate leading back out of this place here.
The wraith hits you.
* * * LOW HITPOINT WARNING * * *
The gnoll skeleton hits you.
* * * LOW HITPOINT WARNING * * *
The wraith hits you.
You die...

#...# #...#
#...# #...#
#...# ##'''##
##.....##
####..WZ...####
#W▓...@.∩...▓W#
####.......####
##.....##
##...## ##▓##
#W# ###


You could see 4 wraiths and a gnoll skeleton.

Vanquished Creatures
  An ogre (D:4)
  A hound (D:4)
  3 gnolls (D:2)
  3 adders
  3 oozes
  4 worms
  5 giant geckos
  2 orcs
  4 giant cockroaches
  4 goblins (D:1)
  13 hobgoblins
  6 jackals
  10 kobolds
  A quokka (D:3)
  3 ball pythons
  4 bats
  2 giant newts
  2 gnoll skeletons (Ossuary)
  A kobold skeleton (Ossuary)
  5 orc skeletons (Ossuary)
  13 rats
90 creatures vanquished.

Notes
Turn   | Place    | Note
--------------------------------------------------------------
     0 | D:1      | jyri the Octopode Conjurer began the quest for the Orb.
     0 | D:1      | Reached XP level 1. HP: 11/11 MP: 3/3
   803 | D:1      | Reached XP level 2. HP: 4/17 MP: 5/5
  1871 | D:1      | Reached XP level 3. HP: 18/21 MP: 6/6
  1948 | D:1      | Learned a level 2 spell: Searing Ray
  2185 | D:1      | Reached skill level 5 in Conjurations
  2894 | D:2      | Found a shattered altar of Ashenzari.
  2932 | D:2      | Reached XP level 4. HP: 27/27 MP: 2/7
  3063 | D:2      | HP: 1/27 [gnoll (9)]
  3880 | D:2      | Reached skill level 6 in Conjurations
  3931 | D:2      | Found a glowing silver altar of Zin.
  3980 | D:2      | Reached XP level 5. HP: 32/32 MP: 6/8
  4158 | D:2      | Found a blossoming altar of Fedhas.
  4765 | D:3      | Noticed Sigmund
  4848 | D:4      | Noticed an ogre
  4856 | D:4      | Killed an ogre
  4856 | D:4      | Reached skill level 7 in Conjurations
  4856 | D:4      | Reached XP level 6. HP: 37/37 MP: 1/9
  5091 | D:4      | Found a bloodstained altar of Trog.
  5091 | D:4      | Found a burning altar of Makhleb.
  5095 | D:4      | Became a worshipper of Makhleb the Destroyer
  5378 | D:4      | Found a sand-covered staircase.
  5388 | Ossuary  | Entered an ossuary
  5388 | Ossuary  | Noticed a wraith
  5388 | Ossuary  | Noticed a wraith
  5388 | Ossuary  | Noticed a wraith
  5546 | Ossuary  | Noticed a wraith
  5571 | Ossuary  | Slain by a wraith

Vault maps used:
D:1:      lightli_arrival_maybe_door_vault, serial_aquarium,
          aquarium_bridge_square, aquarium_window_1, aquarium_window_fake,
          aquarium_window_fake, aquarium_window_corridor_1, aquarium_view_2d,
          aquarium_pool_2, grunt_decor_resistance
D:2:      nicolae_overflow_crystal_walls, marbit_many_paths, lemuel_doored_altar
D:3:      overflow_temple_1_default, nicolae_overflow_hidden_temple,
          hangedman_decor_lopped, nicolae_gozag_seed_capital, uniq_sigmund
D:4:      kennysheep_big_flooded_room, kennysheep_mini,
          gammafunk_temple_overflow_wave, first_bread,
          nicolae_ossuary_entry_monument, corexii_item_surrounded_by_moat,
          lemuel_old_faithful
Ossuary:  ossuary_due_mausoleum

Skill      XL: |  1  2  3  4  5 |
---------------+----------------+-----
Conjurations   | 5 6 7 |  7.3
Fighting       | |  0.6
Short Blades   | |  0.4
Dodging        | |  2.0
Stealth        | |  2.6
Spellcasting   | |  2.0

Action                   |  1- 3 |  4- 6 || total
-------------------------+-------+-------++-------
Melee: Short sword       |    45 |    25 ||    70
       Unarmed           |     6 |       ||     6
       Constrict         |    13 |     6 ||    19
       Tentacles         |     8 |     6 ||    14
       Long sword        |       |     9 ||     9
 Cast: Magic Dart        |    40 |   137 ||   177
  Use: Scroll            |       |     6 ||     6
 Stab: Sleeping          |     1 |       ||     1
       Distracted        |     1 |       ||     1
  Eat: Chunk             |     2 |    10 ||    12
       Bread ration      |     1 |     1 ||     2
Armor: Skin              |     2 |     1 ||     3
Dodge: Dodged            |    26 |    18 ||    44
